adda, lawful female dwarven Valkyrie -------------- ##.............| # |.......%....| ### |............| ###### # |......>.....| -------------### ------------+- |`.........`|# |.....`......# |...-----...|# |...SSS.|...| ...`|{@{|`..| |.%.|S{.|...| ....-----...| |.....`.....| |`.........`| ------------- adda the Skirmisher Experience level: 5 Strength: 18/04 Dexterity: 10 Constitution: 20 Intelligence: 7 Wisdom: 9 Charisma: 7 Health: 0(69) Energy: 3(3) Def: 10 Gold: 714 Moves: 2768 Dungeon seed: zMX6WfMO7IqFoIuS Game ID: adda_1478769899 Your Inventory: Coins $ - 714 gold pieces Weapons a - a thoroughly rusty +1 long sword (weapon in hand) b - a +0 dagger Armor e - an uncursed +3 small shield (being worn) n - an uncursed +0 studded leather armor (being worn) q - an uncursed +0 cloak of invisibility (being worn) y - an uncursed +0 pair of iron shoes (being worn) z - a blessed +1 mummy wrapping Comestibles c - 4 uncursed food rations d - an uncursed partly eaten food ration h - an uncursed egg Potions l - an uncursed potion of water m - an uncursed potion of sickness Rings g - an uncursed ring of protection from shape changers Tools f - an uncursed leash k - an uncursed oil lamp (0:1055) Gems r - an uncursed worthless piece of blue glass (in quiver) Spells and supernatural/magical abilities: Name Level Category Fail Memory W - pray for help -- divine ? -- Your skills at the end: Fighting Skills Weapon Skills dagger [Basic] long sword [Basic] Spellcasting Skills Final Attributes: You were piously aligned. You were cold resistant. You had infravision. You were invisible. You were stealthy. You are dead. Vanquished creatures: a vampire bat a gnome mummy a shrieker a gray ooze a straw golem a floating eye a rothe a rabid rat a giant bat an orc zombie a wererat an iguana an acid blob a coyote 11 manes a large kobold 2 hobgoblins a yellow mold 2 geckos a jackal 3 foxes 2 goblins 2 sewer rats 5 grid bugs a kobold zombie 4 newts 49 creatures vanquished. Voluntary challenges: You were an atheist. You used a wielded weapon 57 times, starting on turn 10. You read items or engraved 1 time, starting on turn 2768. You never genocided any monsters. You never polymorphed an object. You never changed form. You used no wishes. You never split a pudding. You never wrote Elbereth's name. You never violated your personal moral code. Dungeon overview: The Dungeons of Doom: levels 1 to 9 Level 1 a fountain a long staircase Level 2 a long staircase Level 3 some fountains, a sink Level 4 a sink Level 5 Level 6 some fountains, a sink Level 7 a fountain Level 8 <- You were here many fountains Level 9 History has recorded: On T:1 you entered the Dungeons of Doom to retrieve the Amulet of Yendor! On T:227 you reached level 2 of The Dungeons of Doom. On T:718 you reached level 3 of The Dungeons of Doom. On T:869 you advanced to experience level 2. On T:1084 you reached level 4 of The Dungeons of Doom. On T:1361 you advanced to experience level 3. On T:1479 you reached level 5 of The Dungeons of Doom. On T:1811 you reached level 6 of The Dungeons of Doom. On T:1828 you advanced to experience level 4. On T:2152 you reached level 7 of The Dungeons of Doom. On T:2464 you reached level 9 of The Dungeons of Doom. On T:2567 you advanced to experience level 5. On T:2672 you reached level 8 of The Dungeons of Doom. Score breakdown: Gold: 714 ( 9709 points) Experience: 5 levels (11141 points) Exploration: 9 levels ( 19.15%) (12510 points) Discoveries: 4 items ( 1.63%) ( 3825 points) Valuables value: (no points given unless you survive) Artifact value: 0 ( 0 points) Variety of kills: 26 monsters ( 6.82%) ( 7836 points) Turncount: 2768 turns ( -481 points) Survival: died (score multiplied by 80%) Total score: 35632 Latest messages: <"Then dost thou desire a major one?" (750 zorkmids) [yn]: n> You miss the water moccasin. The water moccasin bites! The water moccasin misses. (3x) The water moccasin bites! The water moccasin misses. (2x) The water moccasin bites! You hit the water moccasin. The water moccasin bites! The water moccasin's bite was poisoned! The water moccasin bites! The water moccasin misses. The water moccasin bites! As you read the scroll, it disappears. This is an identify scroll. m - an uncursed potion of sickness. The water moccasin misses. The water moccasin bites! The water moccasin's bite was poisoned! You die... Final status: Farvel adda the Valkyrie, poisoned by a water moccasin... You died in The Dungeons of Doom on dungeon level 8 with 35632 points, and 714 pieces of gold, after 2768 moves. You were level 5 with a maximum of 69 hit points when you died.